 Dungeon Crawl Stone Soup version 0.21.0-25-ge575cb9 (webtiles) character file.

1172 sankara the Conjurer (level 8, -5/62 (63) HPs)
             Began as a Purple Draconian Conjurer on Jan 22, 2018.
             Killed from afar by an orc wizard (8 damage)
             ... with a magic dart
             ... on level 6 of the Dungeon.
             The game lasted 00:34:28 (7354 turns).

sankara the Conjurer (Purple Draconian Conjurer)    Turns: 7354, Time: 00:34:29

HP:   -5/62 (63)    AC:  8    Str: 10    XL:     8   Next: 18%
MP:   1/16          EV: 14    Int: 17    God:
Gold: 195           SH:  0    Dex: 13    Spells: 6/18 levels left

rFire    . . .     SeeInvis .   a - +2 dagger (elec)
rCold    . . .     Gourm    .   (no shield)
rNeg     + . .     Faith    .   (armour unavailable)
rPois    .         Spirit   .   (helmet restricted)
rElec    .         Reflect  .   u - +1 cloak
rCorr    .         Harm     .   (no gloves)
MR       +....                  (no boots)
Stlth    ++........             m - amulet of regeneration
HPRegen  0.60/turn              p - ring of positive energy
MPRegen  0.15/turn              (no ring)

@: no status effects
A: breathe power, unfitting armour, cold-blooded, AC +6
a: Breathe Dispelling Energy


You were on level 6 of the Dungeon.
You were not hungry.

You visited 1 branch of the dungeon, and saw 6 of its levels.

You collected 195 gold pieces.

Inventory:

Hand Weapons
 a - a +2 dagger of electrocution (weapon)
 t - a +1 vampiric morningstar
Armour
 i - a +0 shield
 u - a +1 cloak (worn)
Jewellery
 m - an amulet of regeneration (around neck)
 p - a ring of positive energy (left hand)
Wands
 q - a wand of disintegration (15)
Scrolls
 c - 5 scrolls of teleportation {unknown}
 d - a scroll of immolation {unknown}
 e - 2 scrolls of fear {unknown}
 g - 4 scrolls of remove curse {unknown}
 h - a scroll of enchant armour {unknown}
 j - 8 scrolls of identify
 k - a scroll of fog {unknown}
 o - 2 scrolls of magic mapping {unknown}
 s - a scroll of noise {unknown}
 v - a scroll of enchant weapon {unknown}
Potions
 r - a potion of brilliance
Books
 f - a book of Conjurations

   Spells                             Type                      Level
   a - Magic Dart                     Conjuration                  1
   b - Searing Ray                    Conjuration                  2
   c - Dazzling Spray                 Conjuration/Hexes            3
   d - Fulminant Prism                Conjuration/Hexes            4
   e - Force Lance                    Conjuration/Translocation    4
   f - Iskenderun's Mystic Blast      Conjuration                  4
 l - Jessica's Catalogue of Stolen Souls
   (You found it on level 2 of the Dungeon)

   Spells                             Type                      Level
   a - Animate Skeleton               Necromancy                   1
   b - Pain                           Necromancy                   1
Comestibles
 b - 5 rations


   Skills:
 + Level 3.0 Fighting
 + Level 2.1 Short Blades
 + Level 4.3 Dodging
 - Level 1.7 Stealth
 + Level 5.5 Spellcasting
 + Level 6.9 Conjurations
 - Level 2.7 Hexes


You had 6 spell levels left.
You knew the following spells:

 Your Spells              Type           Power        Failure   Level  Hunger
a - Magic Dart            Conj           ####         1%          1    None
b - Dazzling Spray        Conj/Hex       ###...       5%          3    ##.....
c - Iskenderun's Mystic   Conj           ####....     8%          4    ####...
d - Fulminant Prism       Conj/Hex       ###.......   19%         4    ####...


Dungeon Overview and Level Annotations

Branches:
Dungeon (6/15)
 Temple: D:4-7

Altars:
Ru

Shops:
D:6 !

Annotations:
D:3 Purgy; Ratty's ghost, amateur GnAr


Innate Abilities, Weirdness & Mutations

You can breathe bolts of dispelling energy.
Your rich purple scales are hard. (AC +6)
You cannot fit into any form of body armour.
You are cold-blooded and may be slowed by cold attacks.


Message History

Casting: Fulminant Prism
Confirm with . or Enter, or press ? or * to list all spells.
Aiming: Fulminant Prism
Press: ? - help, Dir - move target cursor You conjure a prism of explosive energy!
The phantom closely misses you.
Your fulminant prism crackles loudly.
Your fulminant prism explodes!
The blast of energy engulfs the phantom.
The phantom is moderately damaged.
The blast of energy engulfs the howler monkey zombie.
You destroy the howler monkey zombie!
The blast of energy engulfs you!
* * * LOW HITPOINT WARNING * * *
The phantom blinks!
You hear a shout!
Found 13 sling bullets.
The orc wizard points at you and mumbles some strange words.
The magic dart hits you!
You die...

#............o......#
#.........o#.#.#.##### .
##.#...###.#.#.#.# .. .
.##........)#.#.#.###.#
..
(......W....#.#.#oJ....
.. .
......#....#o#.#o....#
..
#..###.........#o...(...
.
...............#..)(....
.
.......@#.....##..###.##
........#.....##..# .#
..................# ..
................... ..#
.. ........#.##..##..#
..# #.
####.#..#.##......# ..#
Z. #............... .∩#
. ##.... ##


You could see a phantom, an orc wizard and an orc.

Vanquished Creatures
  A necrophage (D:5)
  A phantom (D:6)
  2 ogres
  2 bullfrogs (D:6)
  A howler monkey (D:4)
  A bullfrog zombie (D:6)
  A crimson imp (D:5)
  A hound (D:4)
  4 orc priests (D:5)
  Jessica (D:2)
  2 bullfrog skeletons (D:4)
  5 orc wizards
  An iguana (D:5)
  2 worker ants
  A worker ant zombie (D:5)
  A howler monkey zombie (D:6)
  2 adders (D:2)
  A shadow imp (D:5)
  3 dart slugs (D:1)
  3 leopard geckos
  22 orcs
  A ball python (D:3)
  9 bats
  5 giant cockroaches
  9 goblins
  5 hobgoblins
  7 jackals
  7 kobolds
  2 quokkas (D:2)
  5 frilled lizards
  A leopard gecko zombie (D:5)
  A quokka zombie (D:5)
  5 rats
115 creatures vanquished.

Vanquished Creatures (others)
  5 fulminant prisms
5 creatures vanquished.

Grand Total: 120 creatures vanquished

Notes
Turn   | Place    | Note
-------+----------+-------------------------------------------
     0 | D:1      | sankara the Draconian Conjurer began the quest for the Orb.
     0 | D:1      | Reached XP level 1. HP: 14/14 MP: 3/3
   213 | D:1      | Reached XP level 2. HP: 16/20 MP: 0/5
   777 | D:1      | Reached XP level 3. HP: 26/26 MP: 3/6
  1497 | D:2      | Noticed Jessica
  1503 | D:2      | Learned a level 3 spell: Dazzling Spray
  1511 | D:2      | Killed Jessica
  1511 | D:2      | Reached XP level 4. HP: 33/33 MP: 0/7
  1515 | D:2      | Identified Jessica's Catalogue of Stolen Souls
  2332 | D:3      | Reached skill level 5 in Conjurations
  2527 | D:3      | Noticed Purgy
  2805 | D:2      | Learned a level 4 spell: Iskenderun's Mystic Blast
  2806 | D:3      | Noticed Ratty's ghost (amateur GnAr)
  4720 | D:4      | Reached XP level 5. HP: 33/38 MP: 1/9
  4962 | D:4      | Reached skill level 1 in Hexes
  5054 | D:4      | Noticed an ogre
  5174 | D:3      | Killed an ogre
  5174 | D:3      | Reached XP level 6. HP: 40/45 MP: 0/10
  5587 | D:5      | Entered Level 5 of the Dungeon
  5677 | D:4      | Reached skill level 6 in Conjurations
  5964 | D:5      | Your scales start taking on a rich purple colour.
  5964 | D:5      | Reached XP level 7. HP: 51/51 MP: 5/13
  6104 | D:5      | Reached skill level 1 in Fighting
  6321 | D:5      | Found a sacrificial altar of Ru.
  6467 | D:5      | Learned a level 4 spell: Fulminant Prism
  6579 | D:5      | Reached skill level 5 in Spellcasting
  7039 | D:5      | Reached skill level 1 in Short Blades
  7104 | D:6      | Reached XP level 8. HP: 60/61 MP: 4/15
  7309 | D:6      | Found Ziaxt's Distillery.
  7353 | D:6      | HP: 2/62 [fulminant prism[the player character] (8)]
  7354 | D:6      | Killed from afar by an orc wizard

Skill      XL: |  1  2  3  4  5  6  7  8 |
---------------+-------------------------+-----
Dodging        | 2 3 4 |  4.3
Conjurations   | 5 6 |  6.9
Spellcasting   | 3 4 5 |  5.5
Hexes          | 1 2 |  2.7
Fighting       | 2 3 |  3.0
Short Blades   | 1 2 |  2.1
Stealth        | |  1.7

Action                   |  1- 3 |  4- 6 |  7- 9 || total
-------------------------+-------+-------+-------++-------
Melee: Unarmed           |    29 |       |       ||    29
       Tailslap          |     5 |     6 |     8 ||    19
       Dagger            |     3 |    54 |    87 ||   144
 Cast: Magic Dart        |    58 |   114 |    51 ||   223
       Dazzling Spray    |     2 |     9 |       ||    11
       Iskenderun's Myst |       |    12 |     2 ||    14
       Fulminant Prism   |       |       |     5 ||     5
  Use: Potion            |       |     7 |       ||     7
       Scroll            |       |     1 |       ||     1
 Stab: Invisible         |       |     2 |     1 ||     3
       Sleeping          |       |     1 |     1 ||     2
  Eat: Chunk             |     3 |     8 |     6 ||    17
       Ration            |       |     3 |       ||     3
Armor: Skin              |     8 |    64 |    22 ||    94
Dodge: Dodged            |    21 |   108 |    52 ||   181
